AoeStats
← Doak

Lombardia

508928389Analyzed
4v4 RM · 7d ago on Sep 24, 2026· 68m 20s· 8 players
Game mode
Random Map
Map size
Large (8 player)
Population
200
Speed
Normal
Resources
Standard
Victory
Conquest
Starting age
Dark Age
Ending age
Imperial Age
RankedLock teamsTeams togetherTeam positionsShared explorationLock speedFull tech treeHidden civsTurbo modeCheats
Victory
Defeat
🇩🇪 Varangians · Germany
1435
+15
🇺🇸 Byzantines · United States
1424
+15
🇷🇺 Ethiopians · Russia
1393
+16
🇬🇧 Hindustanis · United Kingdom
1384
+17
🇭🇰 Saracens · Hong Kong SAR China
1498
-20
🇨🇳 Berbers · China
1451
-18
🇻🇳 Burgundians · Vietnam
1393
-15
🇨🇳 Franks · China
1271
-10
Melodies of Life
3:54 Double-Bit Axe
4:01 Loom
12:25 Feudal Age
13:20 Wheelbarrow
14:29 Bow Saw
13:59 Horse Collar
15:27 Wheelbarrow
14:53 Heavy Plow
21:08 Castle Age
19:04 Gold Mining
19:13 Stone Mining
20:41 Gold Shaft Mining
20:46 Stone Shaft Mining
20:01 Town Watch
21:27 Hand Cart
23:08 Two-Man Saw
23:38 Two-Man Saw
24:02 Crop Rotation
26:51 Town Watch
28:42 Gold Shaft Mining
29:01 Burgundian Vineyards
29:29 Scale Barding Armor
29:35 Forging
30:37 Chain Barding Armor
31:45 Iron Casting
31:40 Guilds
34:38 Imperial Age
32:39 Husbandry
33:15 Squires
33:00 Arson
33:47 Caravan
35:45 Conscription
35:01 Elite Coustillier
36:18 Plate Barding Armor
35:44 Scale Mail Armor
37:58 Chain Mail Armor
38:43 Blast Furnace
37:05 Pikeman
37:48 Halberdier
40:38 Plate Mail Armor
45:09 Padded Archer Armor
46:11 Chemistry
44:53 Treadmill Crane
45:23 Masonry
45:13 Elite Genitour
46:12 Leather Archer Armor
48:33 Light Cavalry
49:06 Flemish Revolution
52:02 Light Cavalry
53:49 Hussar
62:38 Fletching
63:16 Bodkin Arrow
63:57 Architecture
网恋被骗50块
11:25 Feudal Age
12:07 Loom
12:58 Wheelbarrow
12:18 Double-Bit Axe
16:59 Castle Age
15:06 Horse Collar
23:31 Bow Saw
24:12 Heavy Plow
24:06 Stone Mining
24:07 Gold Mining
25:53 Hand Cart
25:30 Town Watch
32:05 Imperial Age
30:43 Stone Shaft Mining
30:22 Bloodlines
30:12 Husbandry
30:58 Gold Shaft Mining
32:23 Caravan
33:15 Conscription
32:57 Kasbah
33:08 Scale Barding Armor
33:13 Forging
33:10 Thumb Ring
32:30 Elite Genitour
35:12 Hoardings
34:59 Ballistics
35:39 Chemistry
34:21 Treadmill Crane
34:37 Murder Holes
35:14 Chain Barding Armor
35:29 Iron Casting
34:17 Heavy Camel Rider
36:09 Crop Rotation
36:24 Elite Camel Archer
37:06 Maghrebi Camels
38:26 Fletching
38:36 Padded Archer Armor
38:23 Treadmill Crane
38:53 Masonry
38:54 Fortified Wall
40:07 Bodkin Arrow
40:27 Leather Archer Armor
41:40 Light Cavalry
42:25 Bracer
42:55 Ring Archer Armor
42:29 Cavalier
47:45 Siege Engineers
50:58 Ring Archer Armor
52:51 Plate Barding Armor
53:16 Blast Furnace
51:46 Hussar
609170940
8:13 Loom
10:23 Feudal Age
12:18 Double-Bit Axe
14:36 Castle Age
12:49 Horse Collar
17:01 Bow Saw
21:11 Heavy Plow
26:35 Scale Barding Armor
26:40 Forging
26:46 Husbandry
29:01 Wheelbarrow
29:33 Chain Barding Armor
29:48 Iron Casting
31:00 Hand Cart
31:14 Bloodlines
35:16 Imperial Age
34:02 Gold Mining
34:02 Stone Mining
35:34 Gold Shaft Mining
35:46 Elite Mameluke
37:34 Blast Furnace
37:13 Conscription
41:43 Plate Barding Armor
42:21 Padded Archer Armor
42:11 Fletching
42:56 Caravan
43:43 Leather Archer Armor
43:37 Crossbowman
44:22 Thumb Ring
44:13 Bodkin Arrow
44:40 Ballistics
45:26 Chemistry
44:18 Arbalester
45:35 Bracer
46:09 Ring Archer Armor
641627092
6:39 Loom
9:22 Feudal Age
15:25 Wheelbarrow
17:30 Double-Bit Axe
20:50 Castle Age
19:32 Gold Mining
20:55 Forging
20:50 Scale Barding Armor
21:41 Husbandry
22:55 Bow Saw
25:47 Hand Cart
25:45 Town Watch
31:01 Gold Shaft Mining
31:47 Iron Casting
31:33 Chain Barding Armor
34:29 Stone Mining
34:51 Pikeman
35:31 Squires
35:17 Arson
35:33 Scale Mail Armor
38:27 Imperial Age
36:04 Town Patrol
37:26 Chain Mail Armor
38:46 Caravan
40:25 Blast Furnace
39:55 Plate Mail Armor
38:47 Halberdier
40:02 Conscription
41:30 Chivalry
42:04 Chain Barding Armor
41:36 Fletching
41:46 Padded Archer Armor
41:14 Cavalier
41:16 Elite Skirmisher
43:56 Ballistics
44:36 Chemistry
43:42 Siege Engineers
43:33 Murder Holes
45:26 Bodkin Arrow
45:46 Leather Archer Armor
48:06 Paladin
50:13 Plate Barding Armor
52:39 Light Cavalry
[Odst] Sheppard
7:12 Loom
9:58 Feudal Age
14:43 Castle Age
13:19 Double-Bit Axe
14:47 Horse Collar
18:41 Heavy Plow
23:08 Scale Barding Armor
24:11 Forging
25:51 Wheelbarrow
25:42 Bow Saw
26:02 Stone Mining
26:04 Gold Mining
27:33 Stone Mining
28:18 Husbandry
28:49 Bloodlines
29:19 Chain Barding Armor
30:59 Iron Casting
32:53 Town Watch
33:28 Scale Mail Armor
36:16 Imperial Age
34:41 Squires
34:27 Arson
34:59 Chain Mail Armor
36:36 Elite Varangian Guard
37:53 Plate Mail Armor
37:53 Gothikon
39:01 Conscription
40:07 Blast Furnace
40:36 Caravan
42:07 Hand Cart
45:12 Pikeman
46:06 Fletching
45:50 Halberdier
50:02 Crop Rotation
50:37 Two-Man Saw
50:33 Gambesons
56:03 Elite Jarl
59:36 Plate Barding Armor
58:26 Elite Jarl
60:04 Bodkin Arrow
66:39 Bracer
mxrider971
10:08 Loom
11:53 Feudal Age
12:56 Double-Bit Axe
12:54 Horse Collar
16:01 Castle Age
14:32 Fletching
16:35 Crossbowman
24:48 Bodkin Arrow
25:57 Wheelbarrow
26:55 Ballistics
28:00 Bow Saw
27:52 Heavy Plow
28:26 Hand Cart
33:04 Imperial Age
31:15 Fortified Wall
31:15 Thumb Ring
32:01 Padded Archer Armor
32:27 Caravan
33:10 Arbalester
33:53 Bracer
34:55 Chemistry
34:47 Conscription
35:09 Hoardings
35:10 Leather Archer Armor
35:02 Murder Holes
35:27 Treadmill Crane
37:20 Bombard Tower
37:19 Guilds
38:18 Ring Archer Armor
46:29 Arrowslits
46:34 Guard Tower
48:53 Logistica
50:07 Scale Barding Armor
50:13 Forging
50:06 Husbandry
53:54 Elite Cataphract
55:10 Chain Barding Armor
56:26 Plate Barding Armor
56:27 Iron Casting
59:38 Guard Tower
Doak
10:41 Feudal Age
11:54 Double-Bit Axe
15:03 Castle Age
13:49 Loom
13:54 Horse Collar
16:43 Bow Saw
18:02 Heavy Plow
22:25 Gold Mining
23:11 Wheelbarrow
23:32 Bloodlines
23:22 Husbandry
23:39 Scale Barding Armor
23:52 Stone Mining
24:59 Forging
24:44 Town Watch
26:05 Chain Barding Armor
28:20 Gold Shaft Mining
29:04 Hand Cart
32:02 Imperial Age
31:39 Iron Casting
32:07 Heavy Camel Rider
33:23 Plate Barding Armor
33:51 Chemistry
34:25 Blast Furnace
33:52 Fletching
34:04 Padded Archer Armor
33:59 Imperial Camel Rider
34:46 Bodkin Arrow
34:28 Light Cavalry
35:59 Bracer
36:15 Leather Archer Armor
36:49 Grand Trunk Road
36:55 Caravan
38:54 Ring Archer Armor
38:50 Ballistics
39:31 Shatagni
41:13 Conscription
42:37 Scale Mail Armor
42:43 Siege Engineers
42:25 Hussar
46:56 Thumb Ring
46:12 Elite Skirmisher
47:09 Chain Mail Armor
58:59 Conscription
JustPlayer
7:03 Loom
9:58 Feudal Age
11:14 Double-Bit Axe
11:19 Horse Collar
19:51 Castle Age
19:55 Wheelbarrow
21:42 Bow Saw
23:07 Heavy Plow
24:02 Gold Mining
24:04 Stone Mining
25:50 Hand Cart
28:06 Stone Shaft Mining
30:49 Scale Mail Armor
31:22 Royal Heirs
31:38 Forging
31:33 Squires
31:18 Arson
31:50 Chain Mail Armor
34:20 Imperial Age
33:45 Iron Casting
35:24 Conscription
34:25 Elite Shotel Warrior
35:37 Plate Mail Armor
36:07 Blast Furnace
36:21 Chemistry
36:09 Gold Shaft Mining
37:19 Onager
38:57 Siege Onager
40:46 Torsion Engines
43:44 Siege Engineers
43:47 Halberdier
46:19 Fortified Wall
46:28 Fletching
49:11 Caravan
49:21 Guilds
49:42 Coinage
53:59 Banking
57:51 Two-Man Saw
58:58 Bodkin Arrow
Connection lost

Rejoining the realm…

Still unreachable

The connection could not be restored.

Session expired

The server has moved on; the page needs a fresh start.